 Dungeon Sprint DCSS version 0.29-a0-857-g9b1aa3ac5b (webtiles) character file.

Game seed: 9371909695132881888

8780 manyhoops the Wrestler (level 11, -2/130 HPs)
             Began as a Troll Berserker on July 16, 2022.
             Was a High Priest of Trog.
             Succumbed to poison (dark miasma)
             ... in the Dungeon (Sprint II: "The Violet Keep of Menkaure").
             The game lasted 00:04:57 (624 turns).

manyhoops the Wrestler (Troll Berserker)             Turns: 624, Time: 00:04:58

Health: -2/130     AC: 11    Str: 31    XL:     11   Next: 14%
Magic:  0/10       EV: 10    Int:  3    God:    Trog [*****.]
Gold:   154        SH:  0    Dex: 12    Spells: 10/10 levels left

rFire   + . .      SeeInvis .     - Unarmed
rCold   + . .      Faith    .   (no shield)
rNeg    . . .      Spirit   +   h - +2 robe {rC+ rF+}
rPois   +          Reflect  .   (helmet restricted)
rElec   .          Harm     .   x - +0 cloak
rCorr   .          Rampage  .   (gloves unavailable)
Will    ++...      NoTele   +   (boots unavailable)
Stlth   +.........              s - amulet of guardian spirit
HPRegen 2.11/turn               l - ring of Weteiw {rPois AC+4 Dex+3}
MPRegen 0.12/turn               (no ring)

@: lethally poisoned (-2 -> -28), strong-willed, regenerating, slowed, very slow
A: large, unfitting armour, claws 3, regeneration 1, shaggy fur 1, tough skin 1
a: Renounce Religion, Berserk, Trog's Hand, Brothers in Arms


You were in the Dungeon.
You worshipped Trog.
Trog was extremely pleased with you.
You visited 1 branch You collected 1390 gold pieces.
You spent 1236 gold pieces at shops.

Inventory:

Armour
 a - a +0 animal skin
 h - a +2 robe of resistance (worn)
 x - a +0 cloak (worn)
Jewellery
 l - the ring of Weteiw (left claw) {rPois AC+4 Dex+3}
   (You bought it in a shop in the Dungeon)

   [ring of protection]

   AC:        It affects your AC (+4).
   Dex:       It affects your dexterity (+3).
   rPois:     It protects you from poison.
 s - an amulet of guardian spirit (around neck)
Wands
 j - a wand of flame (2)
Scrolls
 g - 3 scrolls of blinking
 k - 2 scrolls of fear
 m - a scroll of magic mapping
 n - a scroll of vulnerability
 o - 2 scrolls of torment {unknown}
 r - 2 scrolls of enchant weapon {unknown}
 t - a scroll of immolation {unknown}
 v - a scroll of enchant armour {unknown}
Potions
 b - 4 potions of curing
 c - 3 potions of heal wounds
 d - a potion of haste
 e - 5 potions of magic
 f - 2 potions of berserk rage
 i - 4 potions of flight
 p - a potion of cancellation {unknown}
 q - 2 potions of attraction
 u - a potion of lignification {unknown}
 w - 3 potions of resistance {unknown}


   Skills:
 + Level 14.2 Fighting
 - Level 2.4 Dodging
 + Level 21.4 Unarmed Combat


You had 10 spell levels left.
You didn't know any spells.
Your spell library was empty.

Dungeon Overview and Level Annotations

Branches:
Dungeon (1/1)

Altars:
Cheibriados
Dithmenos
Elyvilon
Fedhas
Gozag
Hepliaklqana
Kikubaaqudgha
Makhleb
Nemelex Xobeh
Okawaru
Qazlal
Ru
Sif Muna
Trog
Uskayaw
Vehumet
Wu Jian
Xom
Yredelemnul
Zin
The Shining One
Jiyva
Lugonu

Shops:
D ((:[?[*=(!*[:=!

Annotations:
D exclusion: oklob plant, Kirke


Innate Abilities, Weirdness & Mutations

You are too large for most types of armour.
You have claws for hands.
Your natural rate of healing is unusually fast.
You are covered in fur. (AC +1)
You have tough skin. (AC +1)


Message History

The flying skull is almost destroyed.
The flying skull hits you!
You scratch the flying skull.
You destroy the flying skull!
Trog accepts your kill.
No target in view!
Your skin crawls.
You feel strong-willed.
There is an open door here.
You are engulfed in dark miasma.
You are poisoned.
You feel as though you will be slow longer.
You feel extremely sick.
There is an open gate here.
You are engulfed in dark miasma.
You are more poisoned.
You feel extremely sick.
You close the gate.
You are engulfed in dark miasma.
You feel extremely sick.
You feel very sick.
You are engulfed in dark miasma.
You feel as though you will be slow longer.
You feel very sick.
You open the door.
An iron elemental, an elephant, a centaur warrior and Kirke come into view.
You are engulfed in dark miasma.
You are more poisoned.
You feel as though you will be slow longer.
* * * LOW HITPOINT WARNING * * *
You feel extremely sick.
The elephant trumpets!
The centaur warrior shouts!
Kirke whispers, "Not even holy moly will save you."
The iron elemental gestures at you. The spray of metal splinters hits you!!
* * * LOW HITPOINT WARNING * * *
Found 81 gold pieces.
You close the door.
You are engulfed in dark miasma.
You are lethally poisoned!
* * * LOW HITPOINT WARNING * * *
You die...

****** **********************
*,,,,*
*,,,,,,+,,*∩,∩∩∩+,+,,***,,,,*
*,,,,,,*,,*******,****,,,,,,,
*+******+**,,####+####,,,,,,,
*∩∩∩∩∩∩#,,+,##.○°°☼°°##⌠,,,,*
*∩∩∩∩∩∩#$E###☼○○°°○°○.##,,,,*
********#.@+@..○○○○°°.°#*++**
*,,,*#.Yc####..○○○○°°.#*≈,,,*
*,,,,#,,,,#≈##.°○°°°.#*,≈,,,,
############≈≈#+++#+++##***,,^
###########≈≈≈.........#,,+,,,
##.......∩#≈≈≈≈.##'##..#,,****
##∩.....∩.#≈≈≈≈##.#)##.####,,+
##.∩...∩.∩#≈≈≈≈#..#..#,...#,,*
##∩.∩.∩.∩.#≈≈####.#.####..##**


There were no monsters in sight!

Vanquished Creatures
  2 sphinxes (D)
  2 boulder beetles (D)
  2 deep trolls (D)
  A merfolk siren (D)
  A yaktaur (D)
  3 polar bears (D)
  A hornet (D)
  12 flying skulls (D)
  2 wyverns (D)
  A vampire mosquito (D)
  5 water moccasins (D)
  4 necrophages (D)
36 creatures vanquished.

Vanquished Creatures (others)
  Menkaure (D)
  12 tentacles (D)
13 creatures vanquished.

Grand Total: 49 creatures vanquished

Notes
Turn   | Place    | Note
-------+----------+-------------------------------------------
     0 | D        | manyhoops the Troll Berserker began the quest for the Orb.
     0 | D        | Reached XP level 1. HP: 22/22 MP: 0/0
     1 | D        | Noticed a boulder beetle
     1 | D        | Noticed a boulder beetle
     4 | D        | Noticed a necrophage
     4 | D        | Noticed a necrophage
     4 | D        | Noticed a necrophage
     4 | D        | Noticed a necrophage
     7 | D        | Killed a necrophage
     8 | D        | Reached skill level 6 in Unarmed Combat
     8 | D        | Reached XP level 2. HP: 33/33 MP: 1/1
     8 | D        | Reached XP level 3. HP: 41/41 MP: 2/2
    17 | D        | Killed a necrophage
    17 | D        | Reached ** piety under Trog
    18 | D        | Reached skill level 7 in Unarmed Combat
    18 | D        | Reached XP level 4. HP: 41/52 MP: 3/3
    22 | D        | Killed a necrophage
    23 | D        | Reached skill level 8 in Unarmed Combat
    23 | D        | Reached XP level 5. HP: 47/61 MP: 4/4
    30 | D        | Reached skill level 9 in Unarmed Combat
    34 | D        | Noticed a wyvern
    34 | D        | Noticed a wyvern
    40 | D        | Killed a wyvern
    41 | D        | Reached skill level 10 in Unarmed Combat
    41 | D        | Reached XP level 6. HP: 18/74 MP: 5/5
    43 | D        | Killed a wyvern
    44 | D        | Reached skill level 11 in Unarmed Combat
    44 | D        | Reached XP level 7. HP: 22/83 MP: 6/6
    46 | D        | Killed Menkaure
    51 | D        | Noticed a merfolk siren
    55 | D        | Killed a merfolk siren
    55 | D        | Reached *** piety under Trog
    56 | D        | Reached skill level 10 in Fighting
    56 | D        | Reached skill level 12 in Unarmed Combat
    83 | D        | Killed a boulder beetle
    84 | D        | Reached skill level 14 in Unarmed Combat
    84 | D        | Reached XP level 8. HP: 61/97 MP: 7/7
    88 | D        | Killed a boulder beetle
    89 | D        | Reached skill level 15 in Unarmed Combat
    89 | D        | Reached XP level 9. HP: 49/106 MP: 8/8
   104 | D        | Found Roogyfivu's Distillery.
   104 | D        | Found Ogasedgh's Book Emporium.
   104 | D        | Found Poixkoggal's Antique Weapon Shoppe.
   104 | D        | Found Jeragono's Assorted Antiques.
   105 | D        | Found Gavufaqu's Jewellery Shoppe.
   105 | D        | Found Niteilyse's Distillery.
   105 | D        | Found Ecseokk's Armour Shoppe.
   105 | D        | Found Loris's Jewellery Shoppe.
   106 | D        | Found Ekobboh's Assorted Antiques.
   106 | D        | Found Haumem's Antique Armour Emporium.
   108 | D        | Found Giatukeh's Magic Scroll Emporium.
   108 | D        | Found Cali's Antique Armour Shoppe.
   108 | D        | Noticed an ice dragon
   108 | D        | Noticed an oklob plant
   112 | D        | Found Hirakioshy's Weapon Shoppe.
   112 | D        | Found Jeroon's Antique Weapon Emporium.
   112 | D        | Found Wekhoy's Book Shoppe.
   117 | D        | Bought a +2 robe of resistance for 527 gold pieces
   130 | D        | Bought a potion of heal wounds for 65 gold pieces
   130 | D        | Bought a potion of flight for 39 gold pieces
   135 | D        | Bought a potion of heal wounds for 70 gold pieces
   150 | D        | Reached **** piety under Trog
   168 | D        | Found a glowing silver altar of Zin.
   168 | D        | Found a radiant altar of Vehumet.
   169 | D        | Found a glowing golden altar of the Shining One.
   169 | D        | Found a basalt altar of Yredelemnul.
   169 | D        | Found a hide-covered altar of Uskayaw.
   169 | D        | Found a sparkling altar of Nemelex Xobeh.
   170 | D        | Found a shimmering altar of Xom.
   170 | D        | Found a bloodstained altar of Trog.
   170 | D        | Found a burning altar of Makhleb.
   171 | D        | Found an ornate altar of the Wu Jian Council.
   171 | D        | Found a shimmering blue altar of Sif Muna.
   171 | D        | Found a corrupted altar of Lugonu.
   171 | D        | Found a blossoming altar of Fedhas.
   171 | D        | Found an iron altar of Okawaru.
   171 | D        | Found an opulent altar of Gozag.
   172 | D        | Found a sacrificial altar of Ru.
   172 | D        | Found an ancient bone altar of Kikubaaqudgha.
   172 | D        | Found a white marble altar of Elyvilon.
   174 | D        | Found a stormy altar of Qazlal.
   174 | D        | Found a viscous altar of Jiyva.
   174 | D        | Found a shadowy altar of Dithmenos.
   175 | D        | Found a hazy altar of Hepliaklqana.
   175 | D        | Found a snail-covered altar of Cheibriados.
   181 | D        | Reached skill level 16 in Unarmed Combat
   188 | D        | Noticed a kraken
   204 | D        | Reached ***** piety under Trog
   377 | D        | Noticed a deep troll
   377 | D        | Noticed a deep troll
   380 | D        | Killed a deep troll
   380 | D        | Received a gift from Trog
   381 | D        | Reached skill level 17 in Unarmed Combat
   382 | D        | Killed a deep troll
   434 | D        | Noticed a sphinx
   434 | D        | Noticed a sphinx
   444 | D        | Killed a sphinx
   445 | D        | Reached skill level 18 in Unarmed Combat
   445 | D        | Reached XP level 10. HP: 92/119 MP: 5/9
   450 | D        | Killed a sphinx
   451 | D        | Reached skill level 19 in Unarmed Combat
   511 | D        | Received a gift from Trog
   512 | D        | Reached skill level 20 in Unarmed Combat
   555 | D        | Bought the ring of Weteiw {rPois AC+4 Dex+3} for 535 gold
                  | pieces
   586 | D        | Reached XP level 11. HP: 117/130 MP: 7/10
   595 | D        | Identified the +5 glaive of Frustration {antimagic, rN+
                  | Will+ Str+3} (Trog gifted it to you in the Dungeon)
   595 | D        | Received a gift from Trog
   596 | D        | Reached skill level 21 in Unarmed Combat
   623 | D        | Noticed an iron elemental
   623 | D        | Noticed a centaur warrior
   623 | D        | Noticed Kirke
   624 | D        | Succumbed to poison (dark miasma)

Illustrated notes

Levels and vault maps discovered:
D:        the_violet_keep_of_menkaure [sprint2_stairs_cluster_1,
          sprint2_shoproom, sprint2_temple, sprint2_basic_supplies,
          sprint2_obstacle_7, sprint2_obstacle_2, sprint2_obstacle_1,
          sprint2_obstacle_5, sprint2_obstacle_6, sprint2_timed_cluster_1,
          sprint2_smallroom_cluster_1, sprint2_smallroom_final_cluster_1,
          sprint2_transparent_cluster_1, sprint2_second_timed_cluster_1,
          sprint2_sniper_area_1, sprint2_heavy_combat_area_1,
          sprint2_mutation_trap_area_1, sprint2_forest_area_1,
          sprint2_light_combat_area_1, sprint2_behind_water_1,
          sprint2_near_end_vault_1]

Skill      XL: |  1  2  3  4  5  6  7  8  9 10 11 |
---------------+----------------------------------+-----
Fighting       | 4 6 8 9 11 13 14 | 14.2
Unarmed Combat | 6 7 8 10 11 14 15 18 20 21 | 21.4
Dodging        | |  2.4

Action                   |  1- 3 |  4- 6 |  7- 9 | 10-12 || total
-------------------------+-------+-------+-------+-------++-------
Melee: Unarmed           |    12 |    19 |    46 |    51 ||   128
       Punch             |       |     1 |     3 |     7 ||    11
Invok: Trog's Hand       |       |     1 |     4 |     1 ||     6
       Berserk           |       |     1 |     3 |       ||     4
  Use: Scroll            |       |       |     5 |       ||     5
       Potion            |       |       |     1 |     1 ||     2
Armor: Animal skin       |     2 |     3 |     3 |       ||     8
       Robe              |       |       |     9 |    23 ||    32
Dodge: Dodged            |     2 |     2 |    15 |    12 ||    31

Table legend: (Time is in decaauts)
 A = Elapsed time spent in this place.
 B = Non-inter-level travel time spent in this place.
 C = Inter-level travel time spent in this place.
 D = Time resting spent in this place.
 E = Time spent auto-exploring this place.
 F = Levels seen in this place.
 G = Mean time per level.
                   A        B        C        D        E       F      G
               +--------+--------+--------+--------+--------+-----+--------+
         Total |    705 |    671 |     34 |     86 |     89 |   1 |  705.0 |
       Dungeon |    705 |    671 |     34 |     86 |     89 |   1 |  705.0 |
               +--------+--------+--------+--------+--------+-----+--------+

Top non-repeatable levels by time:
       D: 705 daAuts
